 Dungeon Crawl Stone Soup version 0.30-a0-422-g946f4849ff (webtiles) character file.

Game seed: 10192002582614603377

30 McMuffin the Trooper (level 2, -11/27 HPs)
             Began as a Demigod Wanderer on Dec 8, 2022.
             Mangled by an ogre
             ... wielding a +0 giant club
              (27 damage)
             ... on level 3 of the Dungeon.
             The game lasted 00:07:42 (910 turns).

McMuffin the Trooper (Demigod Wanderer)              Turns: 910, Time: 00:07:43

Health: -11/27     AC:  6    Str: 15    XL:     2   Next: 84%
Magic:  4/4        EV: 11    Int: 10    God:
Gold:   83         SH:  0    Dex: 15    Spells: 1/1 levels left

rFire   . . .      SeeInvis .    a - +1 mace
rCold   . . .      Faith    .    (no shield)
rNeg    . . .      Spirit   .    e - +0 leather armour
rPois   .          Reflect  .    (no helmet)
rElec   .          Harm     .    (no cloak)
rCorr   .          Rampage  .    g - +2 pair of gloves
Will    .....                    (no boots)
Stlth   +.........               (no amulet)
HPRegen 0.24/turn                (no ring)
MPRegen 0.09/turn                (no ring)

@: no status effects
A: high MP 1, forlorn, divine attributes
a: no special abilities


You were on level 3 of the Dungeon.
You visited 1 branch of the dungeon, and saw 4 of its levels.

You collected 83 gold pieces.

Inventory:

Hand Weapons
 a - a +1 mace (weapon)
Armour
 e - a +0 leather armour (worn)
 f - a +0 pair of gloves
 g - a +2 pair of gloves (worn)
Scrolls
 b - a scroll of fear
 c - a scroll of blinking
 k - a scroll of brand weapon {unknown}
 n - a scroll of teleportation {unknown}
 o - a scroll of silence {unknown}
Potions
 d - 3 potions of curing
 h - a potion of ambrosia {unknown}
 i - a potion of might {unknown}
 j - a potion of degeneration {unknown}
 l - a potion of brilliance {unknown}
 m - 2 potions of heal wounds {unknown}


   Skills:
 + Level 4.0 Fighting
 + Level 2.1 Maces & Flails
 + Level 0.8 Armour
 + Level 0.1 Stealth
 + Level 2.9 Unarmed Combat
 + Level 1.0 Evocations


You had one spell level left.
You didn't know any spells.
Your spell library contained the following spells:

 Spells                   Type           Power      Damage    Failure   Level
 Passwall                 Tmut/Erth      0%         N/A       56%         2
 Call Canine Familiar     Summ           0%         N/A       80%         3
 Ozocubu's Armour         Ice            0%         N/A       80%         3
 Summon Ice Beast         Ice/Summ       0%         N/A       99%         4
 Metabolic Englaciation   Hex/Ice        0%         N/A       100%        5
 Simulacrum               Ice/Necr       0%         N/A       100%        6
 Lehudib's Crystal Spear  Conj/Erth      0%         10d2      100%        8


Dungeon Overview and Level Annotations

Branches:
Dungeon (4/15)
 Temple: D:4-7

Annotations:
D:4 4 runed translucent doors


Innate Abilities, Weirdness & Mutations

You have an increased reservoir of magic. (+10% MP)
You shall have no god before yourself.
Your divine heritage dramatically boosts your attributes as you level up.


Message History

The quokka bites you but does no damage.
You sock the quokka!
You kill the quokka!
You see here a quokka corpse.
You open the door.
Found a dagger.
There is an open door here.
Found a stone staircase leading down.
There is a stone staircase leading down here.
There is a stone staircase leading down here.
You climb downwards.
There is a stone staircase leading up here.
Found a faintly glowing plate armour and a fizzy black potion.
Found a large runed translucent door.
An ogre comes into view. It is wielding a +0 giant club.
Found a spear.
The ogre shouts!
Found 8 stones and a runed ring mail.
Found a large runed translucent door.
The bullfrog gives a loud, deep croak!
Okay, then.
The ogre closely misses you. The ogre attacks as you move away!
The ogre barely misses you. The ogre barely misses you.
There is a stone staircase leading up here.
You climb upwards.
There is a stone staircase leading down here.
There is a stone staircase leading down here.
There is a stone staircase leading down here.
There is a stone staircase leading down here.
You climb downwards.
Level annotation: 4 runed translucent doors The ogre hits you with a +0 giant club!
There is a stone staircase leading up, spattered with blood here.
You climb upwards.
There is a stone staircase leading down here.
The ogre barely misses you. The ogre attacks as you move away!
The ogre hits you with a +0 giant club!!
Ouch! That really hurt!
You die...

### #.#
############.#
...........O>#
############@#
#.########
#.#......#
#.#.####.###
#.#........#
..######.#.#..#.#.#
#.)......#.#.##.#.#
#........'.#....#†#
.........########.#


You could see an ogre.

Vanquished Creatures
  A worm (D:2)
  An orc (D:3)
  3 bats
  5 endoplasms
  2 goblins
  2 hobgoblins
  3 kobolds (D:2)
  2 quokkas
  A ball python (D:3)
  A frilled lizard (D:2)
  2 rats
23 creatures vanquished.

Notes
Turn   | Place    | Note
-------+----------+-------------------------------------------
     0 | D:1      | McMuffin the Demigod Wanderer began the quest for the Orb.
     0 | D:1      | McMuffin set off with the following items: a +1 mace, a
                  | scroll of fear, a scroll of blinking, a potion of curing, a
                  | +0 leather armour.
     0 | D:1      | Reached XP level 1. HP: 19/19 MP: 3/3
   391 | D:2      | Reached XP level 2. HP: 16/27 MP: 4/4
   572 | D:3      | Reached skill level 4 in Fighting
   588 | D:3      | Got the Handbook of the Comitatus and Stones
   856 | D:4      | Found a large runed translucent door.
   856 | D:4      | Noticed a bullfrog
   857 | D:4      | Found a large runed translucent door.
   857 | D:4      | Noticed an ogre
   858 | D:4      | Found a large runed translucent door.
   858 | D:4      | Found a large runed translucent door.
   910 | D:3      | Mangled by an ogre

Illustrated notes

Levels and vault maps discovered:
D:1:      grunt_arrival_crossed_arrows, layout_rooms
D:2:      layout_basic, minmay_misc_feat_square, minivault_25,
          nicolae_hexahallways, uniq_terence, uniq_crazy_yiuf_cottage
D:3:      layout_basic, yredelemnul_altar_generic
D:4:      layout_basic, minmay_overflow_temple_star_quad, kennysheep_little_box,
          serial_shops, shop, minmay_hollow_rounded_squares

Skill      XL: |  1  2 |
---------------+-------+-----
Maces & Flails | 2 |  2.1
Fighting       | 4 |  4.0
Armour         | |  0.8
Stealth        | |  0.1
Unarmed Combat | |  2.9
Evocations     | |  1.0

Action                   || total
-------------------------++-------
Melee: Mace              ||    59
       Punch             ||     1
 Stab: Sleeping          ||     2
Armor: Leather armour    ||    33
Dodge: Dodged            ||    47

Table legend: (Time is in decaauts)
 A = Elapsed time spent in this place.
 B = Non-inter-level travel time spent in this place.
 C = Inter-level travel time spent in this place.
 D = Time resting spent in this place.
 E = Time spent auto-exploring this place.
 F = Levels seen in this place.
 G = Mean time per level.
                   A        B        C        D        E       F      G
               +--------+--------+--------+--------+--------+-----+--------+
         Total |    929 |    929 |      0 |      0 |      0 |   4 |  232.2 |
       Dungeon |    929 |    929 |      0 |      0 |      0 |   4 |  232.2 |
               +--------+--------+--------+--------+--------+-----+--------+

Top non-repeatable levels by time:
     D:2: 454 daAuts
     D:3: 324 daAuts
     D:1: 114 daAuts
     D:4: 35 daAuts
